 Dungeon Crawl Stone Soup version 0.32-a0-411-g744942f433 (webtiles) character file.

Game seed: 13229503771100208317

3624 benadryl the Skirmisher (level 10, 0/82 HPs)
             Began as a Coglin Hunter on Feb 20, 2024.
             Was an Initiate of Yredelemnul.
             Slain by an orange demon (2 damage)
             ... led by Amaemon
             ... on level 8 of the Dungeon.
             The game lasted 00:19:51 (8029 turns).

benadryl the Skirmisher (Coglin Hunter)             Turns: 8029, Time: 00:19:52

Health: 0/82       AC:  8    Str: 12    XL:     10   Next: 11%
Magic:  10/10      EV: 14    Int:  8    God:    Yredelemnul [......]
Gold:   346        SH:  2    Dex: 22    Spells: 9/9 levels left

rFire   . . .        E - +2 sling (freeze) {Zolin}
rCold   . . .        f - +0 sling {Enrique}
rNeg    . . .        x - +0 steam dragon scales
rPois   .            (no helmet)
rElec   .            g - scarf {repulsion}
rCorr   .            k - +0 pair of gloves
SInv    .            (no boots)
Will    ++...        w - amulet of the acrobat
Stlth   ++           h - ring "Equmyfus" {Fly Will++}
HPRegen 0.33/turn    s - ring of the Octopus King {Wiz HP+2 AC+2 EV+2 SH+2}
MPRegen 0.12/turn

%: repel missiles, acrobat, wizardry (x1)
@: mighty, lethally poisoned (0 -> -46), flying, slowed, wreathed by umbra,
revved, very slow
A: off-hand wielding, slow wielding, warmup strikes, legs shutdown
a: Renounce Religion, Light the Black Torch, Recall Undead Harvest


You were on level 8 of the Dungeon.
You worshipped Yredelemnul.
Yredelemnul was noncommittal.
You visited 2 branches of the dungeon, and saw 9 of its levels.
You also visited: Ossuary.

You collected 346 gold pieces.

Inventory:

Hand Weapons
 a - a +0 heavy shortbow {Elena}
 f - a +0 sling (offhand) {Enrique}
 E - a +2 sling of freezing (weapon) {Zolin}
Armour
 c - a +1 leather armour
 g - a scarf of repulsion (worn)
 k - a +0 pair of gloves (worn)
 x - +0 steam dragon scales (worn)
 y - a +0 pair of boots
Jewellery
 h - the ring "Equmyfus" (left grasper) {Fly Will++}
   (You acquired it on level 5 of the Dungeon)

   [ring of flight]

   Will++:    It greatly increases your willpower.
   Fly:       It grants you flight.
 q - a ring of willpower
 s - a ring of the Octopus King (right grasper) {Wiz HP+2 AC+2 EV+2 SH+2}
   (You acquired it on level 5 of the Dungeon)

   [ring of wizardry]

   Wiz:       It improves your spell success rate.
   AC+2:      It affects your AC (+2).
   EV+2:      It affects your evasion (+2).
   HP+2:      It affects your health (+2).
   SH+2:      It affects your SH (+2).
 w - an amulet of the acrobat (around neck)
Wands
 e - a wand of flame (16)
 J - a wand of polymorph (4)
Scrolls
 b - a scroll of enchant weapon
 d - a scroll of immolation
 j - 2 scrolls of fog
 o - 2 scrolls of noise
 p - a scroll of enchant armour
 v - a scroll of teleportation
 z - a scroll of revelation
 I - 2 scrolls of amnesia
Potions
 i - a potion of ambrosia
 l - 3 potions of cancellation
 m - a potion of resistance
 n - 4 potions of curing {@q1}
 r - 2 potions of enlightenment
 t - 3 potions of brilliance
 u - a potion of heal wounds {unknown}
 C - a potion of haste {unknown}
 F - 2 potions of might
 G - 2 potions of mutation
 H - a potion of invisibility {unknown}


   Skills:
 + Level 8.1 Fighting
 * Level 11.4 Ranged Weapons
 - Level 1.7 Dodging
 - Level 0.7 Stealth


You had 9 spell levels left.
You didn't know any spells.
Your spell library contained the following spells:

 Spells                   Type           Power      Damage    Failure   Level
 Sting                    Conj/Alch      0%         1d3       17%         1
 Mercury Vapours          Alch/Air       0%         N/A       26%         2
 Mephitic Cloud           Conj/Alch/Air  0%         N/A       45%         3
 Tukima's Dance           Hex            0%         N/A       45%         3
 Volatile Blastmotes      Fire/Tloc      0%         2d10      45%         3
 Fulminant Prism          Conj/Alch      0%         3d5       83%         4
 Iskenderun's Mystic Bla  Conj/Tloc      0%         2d3       83%         4
 Olgreb's Toxic Radiance  Alch           0%         N/A       83%         4
 Passage of Golubria      Tloc           0%         N/A       83%         4
 Freezing Cloud           Conj/Ice/Air   0%         6-21      99%         5
 Yara's Violent Unravell  Hex/Alch       0%         3d3       99%         5


Dungeon Overview and Level Annotations

Branches:
Dungeon (8/15)             Temple (1/1) D:5         Ossuary (visited)
   Lair: D:8-11

Altars:
Ashenzari
Cheibriados
Dithmenos
Elyvilon
Fedhas
Gozag
Kikubaaqudgha
Makhleb
Nemelex Xobeh
Ru
Sif Muna
Trog
Uskayaw
Wu Jian
Xom
Yredelemnul
Zin
The Shining One

Shops:
D:1 ??:*   D:5 (:[:[

Annotations:
D:5 1 runed translucent door, Crazy Yiuf
D:8 Amaemon


Innate Abilities, Weirdness & Mutations

You can wield a second weapon in your off-hand.
It takes a long time for you to wield or remove held weapons.
Your first few attacks do less damage.
Attacking and casting redirects power from your legs.


Message History

You are more poisoned.
Amaemon claws you! Amaemon tail-slaps you.
An orange demon comes into view.
Fire: E) +2 sling (freeze) {Zolin}
Press: ? - help, Q - select action, (/) - cycle Shift-Dir - straight line, f/p - Amaemon
Aim: Amaemon, wielding a +0 demon whip of venom (severely wounded, umbra, 66% to hit)
You shoot a sling bullet.
The sling bullet closely misses Amaemon.
You shoot a sling bullet. The sling bullet barely misses Amaemon.
You feel extremely sick.
Fire: E) +2 sling (freeze) {Zolin}
Press: ? - help, Q - select action, (/) - cycle Shift-Dir - straight line, f/p - Amaemon
Aim: Amaemon, wielding a +0 demon whip of venom (severely wounded, umbra, 66% to hit)
You shoot a sling bullet. The sling bullet hits Amaemon!
Amaemon is severely wounded.
You shoot a sling bullet.
The sling bullet hits Amaemon but does no damage.
Amaemon is severely wounded.
You feel very sick.
Amaemon gestures at the orange demon while chanting.
The orange demon's venom grows more potent.
The orange demon stings you from afar!
* * * LOW HITPOINT WARNING * * *
You are more poisoned.
You have difficulty breathing.
* * * LOW HITPOINT WARNING * * *
You feel yourself slow down.
Fire: E) +2 sling (freeze) {Zolin}
Press: ? - help, Q - select action, (/) - cycle Shift-Dir - straight line, f/p - Amaemon
Aim: Amaemon, wielding a +0 demon whip of venom (severely wounded, umbra, 66% to hit)
You shoot a sling bullet.
The sling bullet hits Amaemon but does no damage.
Amaemon is severely wounded.
You shoot a sling bullet.
The sling bullet closely misses Amaemon.
* * * LOW HITPOINT WARNING * * *
You feel extremely sick. The orange demon stings you from afar.
You die...
Your body rises from the dead as a mindless zombie.

......#,,#..........#
......#,,#######....#
.(....*,,,,,,,,#....#
,...,,*,,,,,,,,#....#
,,..,,*,,,,**,,#....#
,,,,,,******#,,#....#
**,,,,*,,..##.,#....#
*,,,,*,,.....4#....#
*,,,,*,,......6@...#
*,,,,*,,..##..#....#
*,,,,******##*######
*,,,,* *,,,,* *,,,,*
******


You could see Amaemon and an orange demon (curare).

Vanquished Creatures
  Maggie (D:6)
  Jeremiah (D:7)
  2 wyverns
  2 steam dragons (D:8)
  Menkaure (D:6)
  2 water moccasins
  A black bear (D:8)
  A centaur (D:7)
  A phantom (D:6)
  A weeping skull (D:6)
  A bullfrog (D:6)
  3 scorpions
  A gnoll sergeant (D:8)
  5 wights
  5 bullfrog zombies (Ossuary)
  4 jellies
  3 hounds
  A bombardier beetle (D:4)
  3 iguanas
  3 orc wizards
  2 sleepcaps (D:6)
  A killer bee zombie (Ossuary)
  3 crocodile zombies (Ossuary)
  6 hound zombies (Ossuary)
  10 mummies
  3 howler monkey zombies (Ossuary)
  6 adders
  3 gnolls (D:5)
  2 ufetubi (D:7)
  3 dart slugs
  3 ribbon worms
  18 orcs
  16 bats
  5 endoplasms
  3 giant cockroaches
  5 goblins
  6 hobgoblins
  10 quokkas
  4 ball pythons
  2 ball python zombies (Ossuary)
  4 frilled lizards
  4 kobolds
  5 rats
  A spectral orc (D:6)
167 creatures vanquished.

Vanquished Creatures (collateral kills)
  A steam dragon (D:7)
  A scorpion (D:7)
  A bombardier beetle (D:7)
  A jelly (D:7)
4 creatures vanquished.

Vanquished Creatures (others)
  A water moccasin zombie (D:8)
  A black bear zombie (D:8)
  An orc zombie (D:7)
  2 spectral ufetubi (D:7)
5 creatures vanquished.

Grand Total: 176 creatures vanquished

Notes
Turn   | Place    | Note
-------+----------+-------------------------------------------
     0 | D:1      | benadryl the Coglin Hunter began the quest for the Orb.
     0 | D:1      | Reached XP level 1. HP: 16/16 MP: 1/1
    31 | D:1      | Found Relly's Assorted Antiques.
    95 | D:1      | Found Sunuedowa's Book Shoppe.
   107 | D:1      | Reached skill level 4 in Ranged Weapons
   107 | D:1      | Reached XP level 2. HP: 22/22 MP: 2/2
   306 | D:1      | Reached XP level 3. HP: 26/27 MP: 3/3
   546 | D:1      | Found Doefor's Magic Scroll Boutique.
   590 | D:1      | Found Jiriuw's Magic Scroll Shoppe.
  1032 | D:2      | Reached skill level 5 in Ranged Weapons
  1035 | D:2      | Reached XP level 4. HP: 33/33 MP: 4/4
  1433 | D:2      | Found a faded altar of an unknown god.
  1729 | D:2      | Found a glowing silver altar of Zin.
  1844 | D:3      | Reached XP level 5. HP: 31/38 MP: 5/5
  2750 | D:4      | Reached skill level 6 in Ranged Weapons
  2881 | D:4      | Reached XP level 6. HP: 32/46 MP: 6/6
  3279 | D:5      | Entered Level 5 of the Dungeon
  3284 | D:5      | Found a staircase to the Ecumenical Temple.
  3290 | Temple   | Entered the Ecumenical Temple
  3320 | D:5      | Identified 2 scrolls of acquirement
  3320 | D:5      | Acquired a ring of the Octopus King {Wiz HP+2 AC+2 EV+2
                  | SH+2}
  3320 | D:5      | Found the ring of the Octopus King {Wiz HP+2 AC+2 EV+2
                  | SH+2}
  3323 | D:5      | Acquired the ring "Equmyfus" {Fly Will++}
  3379 | D:5      | Noticed an animated pearl dragon scales
  3382 | D:5      | Found Omoe's Armour Shoppe.
  3387 | D:5      | Noticed an animated gold dragon scales
  3426 | D:5      | Reached XP level 7. HP: 52/52 MP: 7/7
  3692 | D:5      | Reached skill level 7 in Ranged Weapons
  3732 | D:5      | Found a snail-covered altar of Cheibriados.
  3789 | D:5      | Found Houjeat's Book Shop.
  3870 | D:5      | Found a transporter.
  3885 | D:5      | Found Teghuur's Vocational Training.
  3907 | D:5      | Found a runed translucent door.
  3908 | D:5      | Noticed Crazy Yiuf
  3943 | D:5      | Found a transporter.
  3945 | D:5      | Found Jillo's Antique Armour Shoppe.
  4042 | D:5      | Found Wazekag's Weapon Shoppe.
  4341 | D:6      | Reached XP level 8. HP: 37/61 MP: 8/8
  4454 | D:6      | Reached skill level 8 in Ranged Weapons
  4466 | D:6      | Reached skill level 5 in Fighting
  4498 | D:6      | Noticed Menkaure
  4502 | D:6      | Noticed Maggie
  4503 | D:6      | Killed Menkaure
  4508 | D:6      | Killed Maggie
  5094 | D:6      | Reached skill level 9 in Ranged Weapons
  5124 | D:6      | HP: 3/60 [wight/+4 battleaxe of freezing (7)]
  5473 | D:6      | Found a basalt altar of Yredelemnul.
  5496 | D:6      | Became a worshipper of Yredelemnul the Fallen
  5645 | D:7      | Noticed a wyvern
  5652 | D:7      | Killed a wyvern
  5653 | D:7      | Reached XP level 9. HP: 69/69 MP: 9/9
  5713 | D:7      | Noticed Jeremiah
  5725 | D:7      | Killed Jeremiah
  5726 | D:7      | Reached skill level 10 in Ranged Weapons
  5905 | D:7      | Found a sand-covered staircase.
  5943 | Ossuary  | Entered an ossuary
  6417 | Ossuary  | Acquired a +2 sling of freezing
  7397 | D:8      | Reached skill level 11 in Ranged Weapons
  7527 | D:8      | Reached XP level 10. HP: 80/80 MP: 10/10
  8015 | D:8      | Noticed Amaemon
  8026 | D:8      | Noticed an orange demon
  8029 | D:8      | HP: 2/82 [poisoned by orange demon (concentrated venom)]
  8029 | D:8      | Slain by an orange demon

Illustrated notes

Levels and vault maps discovered:
D:1:      co_arrival_square_in_a_square_in_a_square, layout_basic, serial_shops,
          shop, shop, shop, nicolae_shop_behind_doors, serial_bayou,
          serial_bayou_ford_a, serial_bayou_crossing, serial_bayou_shore_b,
          serial_bayou_lagoon_b, hex_intersection
D:2:      minmay_recursive_quarters, layout_basic,
          chequers_ecumenical_altar_simple, basic_altar
D:3:      layout_rooms, roderic_batcave
D:4:      layout_loops_ring, grunt_decor_cap
D:5:      layout_cave_pools, mainiacjoe_overflow_catwalk,
          minmay_temple_entry_hall, serial_shops, nicolae_shop_rolling_square,
          nicolae_shop_drivethru, nicolae_lakefront_shop,
          nicolae_shop_mannequins, nicolae_shop_vocational,
          uniq_crazy_yiuf_cottage
D:6:      layout_loops_ring, yredelemnul_forgotten_temple_becter, uniq_menkaure,
          uniq_maggie
D:7:      layout_layer_cave, gup_ossuary_entry_pyramid, uniq_jeremiah
D:8:      layout_gridville, nicolae_qazlal_beasts_of_the_sky,
          mainiacjoe_overflow_alcove_1, minmay_circle_x, uniq_grum,
          uniq_gastronok, uniq_amaemon
Temple:   nicolae_temple_slightly_damp_pantheon

Skill      XL: |  1  2  3  4  5  6  7  8  9 10 |
---------------+-------------------------------+-----
Ranged Weapons | 4 5 6 7 9 11 | 11.4
Fighting       | 3 4 6 7 8 |  8.1
Dodging        | |  1.7
Stealth        | |  0.7

Action                     |  1- 3 |  4- 6 |  7- 9 | 10-12 || total
---------------------------+-------+-------+-------+-------++-------
   Fire: Shortbow          |    73 |   234 |   254 |       ||   561
         Sling             |       |       |   130 |    46 ||   176
 Invoke: Light the Black T |       |       |     3 |       ||     3
         Recall Undead Har |       |       |     2 |       ||     2
  Evoke: Wand              |       |     4 |     2 |       ||     6
    Use: Scroll            |     2 |     8 |     8 |     7 ||    25
         Potion            |       |     6 |     1 |     1 ||     8
 Armour: Leather armour    |    18 |    91 |    61 |       ||   170
         Steam dragon scal |       |       |    66 |    15 ||    81
  Dodge: Dodged            |    25 |   102 |   166 |     6 ||   299
         Repelled          |       |     6 |     4 |       ||    10
  Block: Other             |       |     2 |    10 |     1 ||    13

Table legend: (Time is in decaauts)
 A = Elapsed time spent in this place.
 B = Non-inter-level travel time spent in this place.
 C = Inter-level travel time spent in this place.
 D = Time resting spent in this place.
 E = Time spent auto-exploring this place.
 F = Levels seen in this place.
 G = Mean time per level.
                   A        B        C        D        E       F      G
               +--------+--------+--------+--------+--------+-----+--------+
         Total |   8236 |   7992 |    244 |   1769 |   4535 |  10 |  823.6 |
       Dungeon |   7621 |   7378 |    243 |   1503 |   4535 |   8 |  952.6 |
        Temple |      1 |      0 |      1 |      0 |      0 |   1 |    1.0 |
       Ossuary |    613 |    613 |      0 |    266 |      0 |   1 |  613.0 |
               +--------+--------+--------+--------+--------+-----+--------+

Top non-repeatable levels by time:
     D:6: 1471 daAuts
     D:7: 1167 daAuts
     D:1: 940 daAuts
     D:2: 910 daAuts
     D:4: 894 daAuts
     D:3: 819 daAuts
     D:5: 786 daAuts
     D:8: 630 daAuts
 Ossuary: 613 daAuts
  Temple: 1 daAuts
